 Dungeon Crawl Stone Soup version 0.21-a0-200-gb89f83b (webtiles) character file.

7405 polean the Destroyer (level 11, -1/68 HPs)
             Began as a Human Conjurer on Aug 16, 2017.
             Was an Elder of Sif Muna.
             Slain by Erica
             ... wielding a +4 scimitar of flaming
              (6 damage)
             ... on level 11 of the Dungeon.
             The game lasted 01:59:37 (14321 turns).

polean the Destroyer (Human Conjurer)              Turns: 14321, Time: 01:59:38

Health: -1/68      AC: 17    Str: 11 (13) XL:     11   Next: 36%
Magic:  15/23      EV: 12    Int: 19 (20) God:    Sif Muna [****..]
Gold:   180        SH:  7    Dex: 13 (15) Spells: 0/27 levels left

rFire    + . .     SeeInvis .   A - +3 mace (protect)
rCold    . . .     Gourm    .   y - +2 buckler
rNeg     . . .     Faith    .   f - +3 leather armour
rPois    .         Spirit   .   d - +2 helmet
rElec    .         Reflect  .   a - +0 cloak
rCorr    .         Harm     .   D - +2 pair of gloves {Str+3}
MR       .....                  u - +2 pair of boots
Stlth    ++........             (no amulet)
HPRegen  0.61/turn              t - ring of protection from fire
MPRegen  0.18/turn              z - +1 ring of protection

@: slowed, very slow
A: talons 1, agile 1, deterioration 1, regeneration 1, strong 1, evolution 1
a: Divine Energy, Channel Magic, Forget Spell, Renounce Religion


You were on level 11 of the Dungeon.
You worshipped Sif Muna.
Sif Muna was greatly pleased with you.
You were not hungry.

You visited 1 branch of the dungeon, and saw 11 of its levels.
You also visited: Ossuary.

You collected 873 gold pieces.
You spent 693 gold pieces at shops.

Inventory:

Hand Weapons
 A - a +3 mace of protection (weapon)
Missiles
 e - 282 stones
 l - 23 tomahawks (quivered)
Armour
 a - a +0 cloak (worn)
 d - a +2 helmet (worn)
 f - a +3 leather armour (worn)
 u - a +2 pair of boots (worn)
 y - a +2 buckler (worn)
 D - a +2 pair of gloves of strength (worn)
Jewellery
 t - a ring of protection from fire (left hand)
 z - a +1 ring of protection (right hand)
Wands
 r - a wand of flame (7/48)
 x - a wand of flame (6/48)
 B - a wand of confusion (21/48)
Scrolls
 i - a scroll of blinking
 n - a scroll of amnesia
 o - 2 scrolls of recharging
 q - 5 scrolls of remove curse
 s - 2 scrolls of identify
 G - a scroll of teleportation
 H - 2 scrolls of fog
Potions
 m - 2 potions of brilliance
 C - a potion of ambrosia
Books
 b - a book of Conjurations

   Spells                             Type                      Level
   a - Magic Dart                     Conjuration                  1
   b - Searing Ray                    Conjuration                  2
   c - Dazzling Spray                 Conjuration/Hexes            3
   d - Fulminant Prism                Conjuration/Hexes            4
   e - Force Lance                    Conjuration/Translocation    4
   f - Iskenderun's Mystic Blast      Conjuration                  4
 k - a book of Geomancy

   Spells                             Type                      Level
   a - Sandblast                      Earth                        1
   b - Passwall                       Transmutation/Earth          2
   c - Stone Arrow                    Conjuration/Earth            3
   d - Petrify                        Transmutation/Earth          4
   e - Lee's Rapid Deconstruction     Earth                        5
 v - a book of Maledictions

   Spells                             Type                      Level
   a - Corona                         Hexes                        1
   b - Ensorcelled Hibernation        Hexes/Ice                    2
   c - Confuse                        Hexes                        3
   d - Tukima's Dance                 Hexes                        3
   e - Dazzling Spray                 Conjuration/Hexes            3
Comestibles
 c - 6 bread rations
 g - 18 fruits
 h - 8 meat rations
 p - a royal jelly
 w - 2 chunks of flesh


   Skills:
   Level 1.2 Short Blades
 * Level 3.7 Maces & Flails
 - Level 1.2 Throwing
 - Level 1.0 Armour
 - Level 2.4 Dodging
 + Level 4.6 Stealth
 * Level 7.0 Shields
 + Level 8.9 Spellcasting
 + Level 10.3 Conjurations
 + Level 1.1 Hexes
 + Level 0.6 Translocations
 + Level 0.6 Ice Magic
 + Level 1.9 Invocations
 + Level 2.0 Evocations


You couldn't memorise any spells.
You knew the following spells:

 Your Spells              Type           Power        Failure   Level  Hunger
a - Magic Dart            Conj           ####         1%          1    None
b - Searing Ray           Conj           #####.       1%          2    None
c - Dazzling Spray        Conj/Hex       ####..       3%          3    None
d - Corona                Hex            ##.....      7%          1    None
e - Ensorcelled Hibernat  Hex/Ice        ##....       12%         2    None
f - Fulminant Prism       Conj/Hex       ####......   10%         4    ###....
g - Stone Arrow           Conj/Erth      ####..       3%          3    None
h - Sandblast             Erth           #.....       11%         1    None
i - Force Lance           Conj/Tloc      ####....     11%         4    ###....
j - Iskenderun's Mystic   Conj           #####...     1%          4    ###....
k - Passwall              Tmut/Erth      #.........   16%         2    None


Dungeon Overview and Level Annotations

Branches:
Dungeon (11/15)            Temple (0/1) D:6            Lair (0/6) D:10
    Orc (0/2) D:11

Altars:
Dithmenos
Elyvilon
Gozag
Nemelex Xobeh
Okawaru
Qazlal
Ru
Sif Muna
Xom
Zin

Shops:
D:5 !=(   D:7 [[[:[   D:10 ?((?   D:11 (

Annotations:
D:11 Erica


Innate Abilities, Weirdness & Mutations

You have sharp toenails.
You are agile. (Dex +2)
Your body sometimes deteriorates upon taking damage.
Your natural rate of healing is unusually fast.
Your muscles are strong. (Str +2)
You evolve.


Message History

* * * LOW HITPOINT WARNING * * *
The searing ray hits something.
Something hits you but does no damage. Something hits you but does no damage.
The searing ray hits something.
You finish channeling your searing ray.
Something hits you but does no damage. x2
Okay, then.
Casting: Searing Ray
Confirm with . or Enter, or press ? or * to list all spells.
Aiming: Searing Ray
Press: ? - help, Shift-Dir - straight line (Press . to maintain the ray.)
Something hits you.
* * * LOW HITPOINT WARNING * * *
Something hits you but does no damage.
The searing ray hits something.
Something barely misses you.
The searing ray hits something.
You finish channeling your searing ray.
Something hits you.
* * * LOW HITPOINT WARNING * * *
Something hits you.
You die...

#. ### #. #. ####.#
.##. #<)..#
...####.##.#
#...#...##.#
#.#.#.####.#####
#...#.# ##.....## .
#....# #.)###..# . #.
#..### #.@.....#
..#.###..# #.{.....#
.........# #.......#
.........#####.).....#
............##.......#
........#........>...#
.....................#
.#.....#######...∩...#
....... #.......#


There were no monsters in sight!

Vanquished Creatures
  A two-headed ogre (D:8)
  An unseen horror (D:11)
  The ghost of Jeffwins the Sneak, a novice VSEn (D:4)
  Grinder (D:4)
  A hippogriff (D:9)
  A hungry ghost (D:9)
  A human (D:7)
  4 hogs
  3 wargs (D:10)
  4 sky beasts
  2 eyes of draining
  2 orc warriors
  A phantom (D:4)
  A hornet zombie (D:8)
  4 centaurs
  2 ogres
  2 big kobolds
  6 bullfrogs
  A gnoll sergeant (D:7)
  3 water moccasin zombies (Ossuary)
  5 scorpions
  5 killer bees (D:9)
  5 wights (D:10)
  An electric eel (D:6)
  3 howler monkeys
  2 bullfrog zombies (D:7)
  A quasit (D:10)
  A jelly (D:9)
  6 orc wizards
  4 orc priests
  10 hounds
  A centaur skeleton (D:5)
  2 gnoll shamans (D:7)
  Terence (D:3)
  A bullfrog skeleton (D:11)
  9 worker ants
  A killer bee zombie (D:9)
  2 big kobold zombies (Ossuary)
  2 hound zombies (D:9)
  A hound skeleton (D:5)
  2 mummies (Ossuary)
  A worker ant zombie (D:5)
  9 adders
  18 gnolls (D:7)
  A shadow imp (D:5)
  4 oozes
  3 adder zombies (Ossuary)
  6 worms
  4 dart slugs (D:1)
  5 leopard geckos
  15 orcs
  A ball python (D:2)
  9 giant cockroaches
  6 gnoll zombies (Ossuary)
  5 goblins
  7 hobgoblins
  6 jackals (D:7)
  15 kobolds
  8 quokkas
  7 bats
  7 frilled lizards
  A giant cockroach zombie (D:6)
  2 goblin zombies (D:7)
  6 hobgoblin zombies (Ossuary)
  4 kobold zombies (Ossuary)
  4 orc zombies (Ossuary)
  2 quokka skeletons
  11 rats
274 creatures vanquished.

Vanquished Creatures (others)
  A leopard gecko (D:7)
  An orc (D:7)
  A jackal (D:7)
  A quokka (D:7)
4 creatures vanquished.

Grand Total: 278 creatures vanquished

Notes
Turn   | Place    | Note
-------+----------+-------------------------------------------
     0 | D:1      | polean the Human Conjurer began the quest for the Orb.
     0 | D:1      | Reached XP level 1. HP: 13/13 MP: 3/3
   518 | D:1      | Reached XP level 2. HP: 19/19 MP: 1/5
   565 | D:1      | Learned a level 2 spell: Searing Ray
   701 | D:1      | Gained mutation: Your muscles are strong. (Str +2) [potion of mutation]
   701 | D:1      | Gained mutation: You have a pair of small horns on your head. [potion of mutation]
  1009 | D:1      | Reached XP level 3. HP: 24/24 MP: 2/6
  1110 | D:1      | Learned a level 3 spell: Dazzling Spray
  1232 | D:1      | Lost mutation: Your muscles are strong. (Str +2) [potion of mutation]
  1232 | D:1      | Lost mutation: You have a pair of small horns on your head. [potion of mutation]
  1232 | D:1      | Gained mutation: Your spells are a little harder to cast, but a little more powerful. [potion of mutation]
  1232 | D:1      | Gained mutation: You possess an exceptional clarity of mind. [potion of mutation]
  1858 | D:2      | Reached skill level 5 in Conjurations
  1924 | D:2      | Reached XP level 4. HP: 30/30 MP: 5/7
  2929 | D:3      | Learned a level 1 spell: Corona
  2989 | D:3      | Reached XP level 5. HP: 35/35 MP: 1/8
  3100 | D:3      | Found a sacrificial altar of Ru.
  3218 | D:3      | Noticed Terence
  3224 | D:3      | Killed Terence
  3224 | D:3      | Reached skill level 1 in Short Blades
  3602 | D:3      | Reached skill level 1 in Throwing
  3821 | D:4      | Found a deep blue altar of Sif Muna.
  3824 | D:4      | Found an iron altar of Okawaru.
  3831 | D:4      | Became a worshipper of Sif Muna the Loreminder
  3956 | D:4      | Reached skill level 1 in Armour
  3956 | D:4      | Reached XP level 6. HP: 41/41 MP: 4/10
  4079 | D:4      | Learned a level 2 spell: Ensorcelled Hibernation
  4086 | D:4      | Noticed Jeffwins's ghost (novice VSEn)
  4134 | D:4      | Noticed an ogre
  4141 | D:4      | Killed an ogre
  4141 | D:4      | Reached skill level 1 in Shields
  4216 | D:4      | Found a stormy altar of Qazlal.
  4217 | D:4      | Noticed a water elemental
  4217 | D:4      | Noticed an air elemental
  4217 | D:4      | Noticed a fire elemental
  4304 | D:4      | Noticed a phantom
  4305 | D:4      | Noticed Grinder
  4349 | D:4      | Killed a phantom
  4349 | D:4      | Reached XP level 7. HP: 41/46 MP: 0/12
  4454 | D:4      | Killed Grinder
  4454 | D:4      | Reached skill level 6 in Conjurations
  4656 | D:4      | Killed Jeffwins's ghost
  4656 | D:4      | Reached * piety under Sif Muna
  4656 | D:4      | Reached XP level 8. HP: 52/52 MP: 5/14
  4733 | D:4      | Learned a level 4 spell: Fulminant Prism
  4796 | D:5      | Entered Level 5 of the Dungeon
  5000 | D:5      | Found Xampem Koso's Jewellery Emporium.
  5006 | D:5      | Bought a +1 ring of protection for 45 gold pieces
  5452 | D:5      | Found Lupnar's Distillery.
  5464 | D:5      | Bought a potion of haste for 130 gold pieces
  5599 | D:5      | Found Noige Agu's Weapon Shop.
  5647 | D:5      | Found a shadowy altar of Dithmenos.
  5902 | D:6      | Reached skill level 5 in Spellcasting
  6223 | D:6      | Found a staircase to the Ecumenical Temple.
  6374 | D:6      | Learned a level 3 spell: Stone Arrow
  6376 | D:6      | Learned a level 1 spell: Sandblast
  6483 | D:6      | Reached skill level 7 in Conjurations
  6748 | D:7      | Found Howoill's Antique Armour Emporium.
  6806 | D:7      | Found Guadgh's Book Emporium.
  6829 | D:7      | Reached ** piety under Sif Muna
  6829 | D:7      | Reached XP level 9. HP: 57/57 MP: 10/17
  6877 | D:7      | Gained mutation: Armour fits poorly on your strangely shaped body. [mutagenic meat]
  6932 | D:7      | Found a sand-covered staircase.
  6994 | Ossuary  | Entered an ossuary
  7876 | Ossuary  | Lost mutation: You possess an exceptional clarity of mind. [potion of mutation]
  7876 | Ossuary  | Lost mutation: Armour fits poorly on your strangely shaped body. [potion of mutation]
  7876 | Ossuary  | Gained mutation: You have sharp toenails. [potion of mutation]
  7876 | Ossuary  | Gained mutation: Your flesh is cold resistant. (rC+) [potion of mutation]
  7876 | Ossuary  | Gained mutation: You have a pair of small antennae on your head. [potion of mutation]
  7876 | Ossuary  | Gained mutation: You have razor-sharp toenails. [potion of mutation]
  7877 | Ossuary  | Lost mutation: Your flesh is cold resistant. (rC+) [potion of mutation]
  7877 | Ossuary  | Lost mutation: You have razor-sharp toenails. [potion of mutation]
  7877 | Ossuary  | Lost mutation: You have sharp toenails. [potion of mutation]
  7877 | Ossuary  | Gained mutation: You are frail. (-10% HP) [potion of mutation]
  7877 | Ossuary  | Gained mutation: Your system is resistant to poisons. (rPois) [potion of mutation]
  7877 | Ossuary  | Gained mutation: You have sharp toenails. [potion of mutation]
  7881 | Ossuary  | Lost mutation: Your spells are a little harder to cast, but a little more powerful. [potion of mutation]
  7881 | Ossuary  | Lost mutation: You are frail. (-10% HP) [potion of mutation]
  7881 | Ossuary  | Lost mutation: You have a pair of small antennae on your head. [potion of mutation]
  7881 | Ossuary  | Lost mutation: Your system is resistant to poisons. (rPois) [potion of mutation]
  7881 | Ossuary  | Gained mutation: You evolve. [potion of mutation]
  7881 | Ossuary  | Gained mutation: Your body sometimes deteriorates upon taking damage. [potion of mutation]
  7881 | Ossuary  | Gained mutation: Your muscles are strong. (Str +2) [potion of mutation]
  7910 | Ossuary  | Upgraded the game from 0.21-a0-196-g6a663c0 to 0.21-a0-200-gb89f83b
  8049 | D:7      | Reached skill level 8 in Conjurations
  8139 | D:7      | Found a sparkling altar of Nemelex Xobeh.
  8512 | D:7      | Reached *** piety under Sif Muna
  8659 | D:7      | Found Oczouc's Food Shop.
  8812 | D:7      | Found Ydwis Deq's Armour Shoppe.
  8932 | D:7      | Found Ceczisic's Antique Armour Shop.
  8959 | D:7      | Bought a pair of embroidered gloves for 195 gold pieces
  9119 | D:7      | Found a white marble altar of Elyvilon.
  9172 | D:7      | Found Jimoulox's Antique Armour Shoppe.
  9719 | D:7      | Reached skill level 9 in Conjurations
  9719 | D:7      | Reached skill level 1 in Invocations
  9719 | D:7      | Reached XP level 10. HP: 54/63 MP: 6/21
  9729 | D:7      | Reached skill level 5 in Shields
  9992 | D:7      | Reached skill level 1 in Evocations
 10174 | D:7      | Learned a level 4 spell: Force Lance
 10491 | D:8      | Noticed a two-headed ogre
 10501 | D:8      | Killed a two-headed ogre
 10501 | D:8      | Reached **** piety under Sif Muna
 11375 | D:9      | Found a shimmering altar of Xom.
 11931 | D:9      | Gained mutation: Your natural rate of healing is unusually fast. [evolution]
 11934 | D:9      | Reached skill level 1 in Maces & Flails
 12176 | D:9      | Found a glowing silver altar of Zin.
 12188 | D:9      | Reached skill level 10 in Conjurations
 12358 | D:9      | Reached XP level 11. HP: 61/68 MP: 12/23
 12546 | D:10     | Entered Level 10 of the Dungeon
 12668 | D:10     | Found Rohuvaox's Magic Scroll Shoppe.
 12680 | D:10     | Bought a scroll of teleportation for 39 gold pieces
 12680 | D:10     | Bought a scroll of fog for 26 gold pieces
 12680 | D:10     | Bought a scroll of enchant armour for 97 gold pieces
 12742 | D:10     | Reached skill level 1 in Hexes
 12908 | D:10     | Found a staircase to the Lair.
 12933 | D:10     | Found Mofim's Antique Weapon Shoppe.
 13025 | D:10     | Found Ikisupe's Magic Scroll Shoppe.
 13033 | D:10     | Bought a scroll of identify for 34 gold pieces
 13033 | D:10     | Bought a scroll of enchant armour for 127 gold pieces
 13167 | D:10     | Gained mutation: You are agile. (Dex +2) [evolution]
 13308 | D:10     | Found Sisaos's Weapon Emporium.
 13600 | D:10     | Found an opulent altar of Gozag.
 13648 | D:10     | Learned a level 4 spell: Iskenderun's Mystic Blast
 13651 | D:10     | Learned a level 2 spell: Passwall
 13800 | D:10     | Noticed a fire dragon
 14077 | D:11     | Killed an unseen horror
 14165 | D:11     | Found a staircase to the Orcish Mines.
 14247 | D:11     | Found Jucis's Weapon Boutique.
 14296 | D:11     | Noticed Erica
 14314 | D:11     | HP: 2/68 [something (8)]
 14321 | D:11     | Slain by Erica

Vault maps used:
D:1:      minmay_arrival_wavy_path, minmay_pentomino_r2
D:2:      minmay_misc_feat_ornament
D:3:      old_standard_altar, uniq_terence
D:4:      nicolae_qazlal_style_of_elements,
          chequers_temple_overflow_statue_of_worship, first_bread, uniq_grinder
D:5:      grunt_dithmenos_shadows, serial_shops, nicolae_shop_statue_plus, shop,
          nicolae_shop_window_shopping
D:6:      minmay_temple_entry_large_hall, kennysheep_flooded_box
D:7:      nemelex_xobeh_ov_fountains_minmay, elyvilon_altar_4, enter_ossuary_4,
          serial_gnoll_camp, gnoll_camp_mini_house, gnoll_camp_mini_hut,
          gnoll_camp_mini_shop, gnoll_camp_medium_02, gnoll_camp_mini_loothouse,
          gnoll_camp_mini_shop, serial_shops, shop_coins,
          nicolae_shop_waterfront, shop, nicolae_shop_crystal, grunt_livestock,
          serial_bayou_pond_c
D:9:      lemuel_doored_altar, basic_altar
D:10:     dragon1_lemuel, erik_lair_orcish_takeover, serial_shops, shop_scrolls,
          shop, nicolae_shop_crystal, shop, grunt_gozag_statues
D:11:     orc_david_3, serial_shops, nicolae_shop_waterfront, uniq_erica
Ossuary:  ossuary_tomb_2

Skill      XL: |  1  2  3  4  5  6  7  8  9 10 11 |
---------------+----------------------------------+-----
Conjurations   | 5 6 7 9 10 | 10.3
Short Blades   | 1 |  1.2
Throwing       | 1 |  1.2
Armour         | 1 |  1.0
Shields        | 1 2 4 6 7 |  7.0
Spellcasting   | 3 4 5 7 8 |  8.9
Stealth        | 3 4 |  4.6
Invocations    | 1 |  1.9
Evocations     | 2 |  2.0
Maces & Flails | 1 3 |  3.7
Hexes          | 1 |  1.1
Dodging        | |  2.4
Translocations | |  0.6
Ice Magic      | |  0.6

Action                   |  1- 3 |  4- 6 |  7- 9 | 10-12 || total
-------------------------+-------+-------+-------+-------++-------
Melee: Dagger            |       |    20 |    22 |     4 ||    46
       Spear             |       |     5 |       |       ||     5
       Mace              |       |       |       |    52 ||    52
Throw: Stone             |     9 |     2 |     5 |       ||    16
       Tomahawk          |     3 |     7 |     5 |     3 ||    18
 Cast: Magic Dart        |    45 |    74 |   124 |    74 ||   317
       Searing Ray       |     6 |    19 |    76 |    84 ||   185
       Corona            |       |     1 |       |       ||     1
       Stone Arrow       |       |       |     4 |       ||     4
       Force Lance       |       |       |       |     4 ||     4
       Ensorcelled Hiber |       |       |       |     8 ||     8
       Iskenderun's Myst |       |       |       |     4 ||     4
Invok: Channel Magic     |       |       |     1 |     2 ||     3
Evoke: Wand              |       |     3 |       |     7 ||    10
  Use: Potion            |     7 |     1 |     8 |     8 ||    24
       Scroll            |     3 |     5 |    14 |    11 ||    33
 Stab: Sleeping          |       |       |       |     1 ||     1
  Eat: Chunk             |     4 |     9 |     7 |     8 ||    28
       Royal jelly       |       |       |     3 |     4 ||     7
       Meat ration       |       |       |     1 |       ||     1
Armor: Robe              |     1 |       |       |       ||     1
       Leather armour    |       |    14 |    47 |   144 ||   205
Dodge: Dodged            |     3 |    24 |    62 |   120 ||   209
Block: Buckler           |       |       |    25 |    72 ||    97
